 Dungeon Crawl Stone Soup version 0.29.0-4-gdea44cf6ec (webtiles) character file.

Game seed: 2885798218585061530

28116 qw the Cleaver (level 13, -2/123 HPs)
             Began as a Gargoyle Berserker on Sept 6, 2022.
             Was an Elder of Trog.
             Slain by a polar bear (3 damage)
             ... on level 5 of the Lair of Beasts.
             The game lasted 00:06:26 (17218 turns).

qw the Cleaver (Gargoyle Berserker)                Turns: 17218, Time: 00:06:27

Health: -2/123     AC: 40    Str: 26    XL:     13   Next: 36%
Magic:  0/13       EV:  7    Int: 14    God:    Trog [****..]
Gold:   384        SH: 11    Dex:  9    Spells: 12/12 levels left

rFire   + . .      SeeInvis .   Y - +1 war axe
rCold   . . .      Faith    .   u - +0 kite shield
rNeg    + . .      Spirit   +   w - +1 plate armour
rPois   inf        Reflect  .   g - +2 helmet
rElec   +          Harm     .   e - +2 cloak
rCorr   .          Rampage  +   o - +2 pair of gloves
Will    +....                   v - +0 pair of boots "Cacismug" {Rampage Will+ Int+6}
Stlth   ..........              c - amulet of guardian spirit
HPRegen 0.30/turn               d - ring of protection from fire
MPRegen 0.13/turn               n - +4 ring of protection

@: berserking (expiring), very quick
A: sickness immunity, AC +9, negative energy resistance 1, electricity
resistance, torment resistance 1, petrification resistance
a: Renounce Religion, Berserk, Trog's Hand, Brothers in Arms


You were on level 5 of the Lair of Beasts.
You worshipped Trog.
Trog was greatly pleased with you.
You visited 2 branches of the dungeon, and saw 14 of its levels.

You collected 762 gold pieces.
You spent 378 gold pieces at shops.


Innate Abilities, Weirdness & Mutations

You are immune to sickness and miasma.
Your stone body is resilient. (AC +9)
You are immune to poison.
You resist negative energy. (rN+)
You are resistant to electric shocks. (rElec)
You are resistant to unholy torment.
You are immune to petrification.


   Skills:
 - Level 10.0 Fighting
 + Level 13.8 Axes
 - Level 5.0 Throwing
 - Level 10.1 Armour
 - Level 2.1 Dodging
 - Level 11.0 Shields


You had 12 spell levels left.
You didn't know any spells.
Your spell library was empty.

Inventory:

Hand Weapons
 t - a +0 hand axe of flaming
 Y - a +1 war axe (weapon)
Missiles
 m - 3 silver boomerangs (quivered)
 p - 10 boomerangs
Armour
 e - a +2 cloak (worn)
 g - a +2 helmet (worn)
 k - +0 ice dragon scales
 o - a +2 pair of gloves (worn)
 u - a +0 kite shield (worn)
 v - the +0 pair of boots "Cacismug" (worn) {Rampage Will+ Int+6}
   (You found it on level 8 of the Dungeon)

   Int:       It affects your intelligence (+6).
   Rampage:   It bestows one free step when moving towards enemies.
   Will:      It increases your willpower.
 w - a +1 plate armour (worn)
Jewellery
 c - an amulet of guardian spirit (around neck)
 d - a ring of protection from fire (left hand)
 f - a ring of ice
 n - a +4 ring of protection (right hand)
Scrolls
 a - a scroll of identify
Potions
 b - 5 potions of curing
 h - 6 potions of mutation
 i - 3 potions of cancellation
 q - 4 potions of haste
 r - 3 potions of might

Dungeon Overview and Level Annotations

Branches:
Dungeon (9/15)             Temple (0/1) D:7            Lair (5/5) D:9
 Shoals (0/4) Lair:2        Snake (0/4) Lair:2
  Slime: Lair:4-5       Orc: D:9-12

Altars:
Ashenzari
Cheibriados
Dithmenos
Gozag
Hepliaklqana
Nemelex Xobeh
Qazlal
Uskayaw
Vehumet
Wu Jian
Yredelemnul

Shops:
D:5 ==?=   D:9 !:

Annotations:
Lair:1 1 runed translucent door, qw's ghost, journeyman TrCA


Message History

The death yak is heavily wounded.
You block the death yak's attack.
You slice the death yak!!
The death yak is severely wounded.
The death yak gores you!
You slash the death yak!
The death yak is almost dead.
You slice the death yak!!
You feel the power of Trog in you as your rage grows.
You kill the death yak!
The death yak's corpse dissolves into shadows!
You barely miss the death yak. You slash the death yak!
The death yak is lightly wounded.
The death yak closely misses you.
You slash the death yak!
The death yak is moderately wounded.
You slash the death yak!
The death yak is moderately wounded.
The death yak gores you but does no damage.
You slash the death yak!
The death yak is heavily wounded.
The death yak gores you.
You slash the death yak!
The death yak is severely wounded.
You slice the death yak!!
The death yak is almost dead.
The death yak gores you!
You hit the death yak.
You kill the death yak!
The death yak's corpse dissolves into shadows!
The boggart casts a spell.
The boggart flickers and vanishes!
You slice the polar bear!!
The polar bear is heavily wounded.
You hear an angry growl.
You hear a shout!
You barely miss the polar bear.
The polar bear is heavily wounded.
The polar bear bites you.
You die... ....7 7.. 77........ .... {. #...##.... ... 7kh 77....#.... 7..7.Y 7......#... ..SS7 77.......... {h{ 7........... 7S7 ........... 7h77 77.7......... 7(@7 7..77...#P... 77(77

7.77777.#P...
77.777.7
77.....
77.)7.7
#7.... 77)..7
7.... 7...7
7.... 7...7
#....
777777..77
7....
7...7....7
7#%..


You could see 2 polar bears and 2 water moccasins.

Vanquished Creatures
  Erolcha (D:9)
  A boulder beetle (Lair:3)
  A hydra (Lair:2)
  A catoblepas (Lair:2)
  A two-headed ogre (D:7)
  A centaur warrior (D:9)
  Maurice (D:9)
  4 elephants (Lair:2)
  2 black mambas
  4 cane toads
  A rime drake (Lair:2)
  8 komodo dragons
  4 polar bears
  6 hornets
  A dream sheep (Lair:5)
  5 blink frogs (Lair:2)
  A snapping turtle (Lair:2)
  9 spriggans (Lair:5)
  3 wyverns
  39 yaks
  3 basilisks
  2 steam dragons
  Menkaure (D:7)
  3 nagas (Lair:2)
  13 water moccasins
  3 black bears
  2 orc warriors (D:9)
  An ice beast (D:7)
  2 ogres
  A boggart (Lair:5)
  4 sky beasts
  10 wolves (Lair:5)
  A phantom (D:4)
  3 kobold brigands (D:9)
  10 bullfrogs
  A gnoll sergeant (D:7)
  3 scorpions
  4 wights (D:8)
  4 killer bees (D:8)
  A howler monkey (D:6)
  3 electric eels (Lair:3)
  A jelly (D:4)
  2 hounds
  4 orc priests
  A gnoll bouda (D:4)
  Natasha (thrice) (D:2)
  6 orc wizards
  9 gnolls
  12 adders
  A shadow imp (D:5)
  A worm (D:2)
  3 dart slugs
  36 orcs
  12 endoplasms
  6 giant cockroaches
  6 goblins
  7 hobgoblins
  4 jackals (D:4)
  19 kobolds
  2 quokkas
  7 ball pythons
  6 bats
  3 frilled lizards
  4 rats
  A butterfly (Lair:2)
325 creatures vanquished.

Vanquished Creatures (collateral kills)
  A boulder beetle (Lair:4)
  3 spriggans (Lair:5)
  A wolf (Lair:5)
5 creatures vanquished.

Vanquished Creatures (others)
  Psyche (D:9)
  2 kobolds (D:9)
  33 fungi
  52 plants
88 creatures vanquished.

Grand Total: 418 creatures vanquished

Notes
Turn   | Place    | Note
-------+----------+-------------------------------------------
     0 | D:1      | qw the Gargoyle Berserker began the quest for the Orb.
     0 | D:1      | Reached XP level 1. HP: 14/14 MP: 1/1
     0 | D:1      | 0 ||| qw: Version: 0.1-a-107-g9ff403c
     0 | D:1      | 0 ||| qw: Game counter: 6036
     0 | D:1      | 0 ||| qw: Always use a shield: true
     0 | D:1      | 0 ||| qw: Do Orc after D:15 true
     0 | D:1      | 0 ||| qw: Do second Lair branch before Depths: true
     0 | D:1      | 0 ||| qw: Lair rune preference: random
     0 | D:1      | 0 ||| qw: Plans: Normal
     0 | D:1      | 0 ||| PLANNING D:1-11
    97 | D:1      | Found a faded altar of an unknown god.
    98 | D:1      | 98 ||| Stepping ~*~*~tactically~*~*~ (stealth).
   107 | D:1      | Reached skill level 3 in Axes
   218 | D:1      | Reached XP level 2. HP: 19/19 MP: 2/2
   584 | D:1      | Reached ** piety under Trog
   790 | D:1      | Reached XP level 3. HP: 23/23 MP: 3/3
  1083 | D:1      | 1083 ||| UPGRADING to +0 chain mail.
  1093 | D:1      | 1093 ||| DROPPING +0 animal skin.
  1094 | D:1      | 1094 ||| UPGRADING to amulet of guardian spirit.
  1099 | D:1      | 1099 ||| READING 2 scrolls labelled DYAP UBOPSONKI.
  1117 | D:2      | Reached skill level 4 in Axes
  1117 | D:2      | Reached XP level 4. HP: 20/28 MP: 4/4
  1117 | D:2      | 1117 ||| STAIRDANCE
  1221 | D:2      | Noticed Natasha
  1222 | D:2      | 1222 ||| Stepping ~*~*~tactically~*~*~ (hiding).
  1226 | D:2      | 1226 ||| INVOKING Berserk.
  1235 | D:2      | Killed Natasha
  1521 | D:2      | Noticed Natasha
  1522 | D:2      | 1522 ||| FLEEEEING.
  1523 | D:2      | 1523 ||| FLEEEEING.
  1524 | D:2      | 1524 ||| FLEEEEING.
  1525 | D:2      | 1525 ||| FLEEEEING.
  1526 | D:2      | 1526 ||| FLEEEEING.
  1527 | D:2      | 1527 ||| FLEEEEING.
  1528 | D:2      | 1528 ||| FLEEEEING.
  1529 | D:2      | 1529 ||| FLEEEEING.
  1530 | D:2      | 1530 ||| FLEEEEING.
  1531 | D:2      | 1531 ||| FLEEEEING.
  1532 | D:2      | 1532 ||| FLEEEEING.
  1535 | D:2      | 1535 ||| FLEEEEING.
  1536 | D:2      | 1536 ||| FLEEEEING.
  1537 | D:2      | 1537 ||| FLEEEEING.
  1538 | D:2      | 1538 ||| FLEEEEING.
  1539 | D:2      | 1539 ||| FLEEEEING.
  1540 | D:2      | 1540 ||| FLEEEEING.
  1541 | D:2      | 1541 ||| FLEEEEING.
  1542 | D:2      | 1542 ||| FLEEEEING.
  1543 | D:2      | 1543 ||| FLEEEEING.
  1544 | D:2      | 1544 ||| FLEEEEING.
  1545 | D:2      | 1545 ||| FLEEEEING.
  1553 | D:2      | 1553 ||| STAIRDANCE
  1591 | D:1      | 1591 ||| UPGRADING to ring of protection from fire.
  1592 | D:1      | 1592 ||| READING scroll labelled SUBEAM ESOHUHACK.
  1595 | D:2      | 1595 ||| INVOKING Berserk.
  1606 | D:2      | Killed Natasha
  1607 | D:2      | Reached skill level 5 in Axes
  1607 | D:2      | Reached XP level 5. HP: 32/32 MP: 2/5
  1610 | D:2      | 1610 ||| STAIRDANCE
  1765 | D:2      | Noticed Natasha
  1766 | D:2      | 1766 ||| Stepping ~*~*~tactically~*~*~ (hiding).
  1770 | D:2      | 1770 ||| INVOKING Berserk.
  1773 | D:2      | Killed Natasha
  1783 | D:2      | 1783 ||| Stepping ~*~*~tactically~*~*~ (stealth).
  2302 | D:2      | 2302 ||| UPGRADING to +0 ice dragon scales.
  2312 | D:2      | 2312 ||| DRINKING 2 purple potions.
  2313 | D:2      | 2313 ||| READING 3 scrolls of identify.
  2313 | D:2      | 2313 ||| IDENTIFYING sedimented brown potion
  2314 | D:2      | 2314 ||| READING 2 scrolls of identify.
  2314 | D:2      | 2314 ||| IDENTIFYING glowing purple potion
  2315 | D:2      | 2315 ||| DROPPING potion of invisibility.
  2316 | D:2      | 2316 ||| DROPPING potion of lignification.
  2317 | D:2      | 2317 ||| DROPPING potion of degeneration.
  2361 | D:3      | 2361 ||| DROPPING +0 flail of pain.
  2474 | D:3      | 2474 ||| Stepping ~*~*~tactically~*~*~ (stealth).
  2509 | D:3      | Found a shadowy altar of Dithmenos.
  2911 | D:3      | Found an opulent altar of Gozag.
  3026 | D:3      | Reached XP level 6. HP: 37/38 MP: 6/6
  3149 | D:3      | 3149 ||| UPGRADING to +0 cloak.
  3154 | D:3      | 3154 ||| UPGRADING to +4 ring of protection.
  3155 | D:3      | 3155 ||| READING 2 scrolls labelled HAZOSKEPRA.
  3156 | D:3      | 3156 ||| READING 2 scrolls labelled MOODWINKIL.
  3157 | D:3      | 3157 ||| READING scroll of enchant armour.
  3157 | D:3      | 3157 ||| ENCHANTING +0 cloak.
  3158 | D:3      | 3158 ||| READING 4 scrolls of identify.
  3158 | D:3      | 3158 ||| IDENTIFYING amethyst potion
  3159 | D:3      | 3159 ||| READING 3 scrolls of identify.
  3159 | D:3      | 3159 ||| IDENTIFYING fizzy green potion
  3160 | D:3      | 3160 ||| READING 2 scrolls of identify.
  3160 | D:3      | 3160 ||| IDENTIFYING white potion
  3161 | D:3      | 3161 ||| DROPPING scroll of blinking.
  3232 | D:4      | 3232 ||| INVOKING Berserk.
  3248 | D:4      | Reached *** piety under Trog
  3249 | D:4      | Reached skill level 6 in Axes
  3277 | D:4      | Reached skill level 3 in Armour
  3313 | D:4      | 3313 ||| FLEEEEING.
  3314 | D:4      | 3314 ||| FLEEEEING.
  3315 | D:4      | 3315 ||| STAIRDANCE
  3420 | D:3      | 3420 ||| READING scroll labelled FAXI XOGITUCVO.
  3434 | D:4      | 3434 ||| Stepping ~*~*~tactically~*~*~ (stealth).
  3437 | D:4      | 3437 ||| Stepping ~*~*~tactically~*~*~ (stealth).
  3460 | D:4      | 3460 ||| DROPPING +0 whip.
  3543 | D:4      | 3543 ||| Stepping ~*~*~tactically~*~*~ (stealth).
  3566 | D:4      | 3566 ||| INVOKING Berserk.
  3711 | D:4      | 3711 ||| Stepping ~*~*~tactically~*~*~ (hiding).
  3715 | D:4      | 3715 ||| INVOKING Berserk.
  3725 | D:4      | Reached XP level 7. HP: 43/43 MP: 5/7
  4244 | D:4      | Found a sparkling altar of Nemelex Xobeh.
  4279 | D:4      | 4279 ||| READING scroll labelled VESISK LAOXKI.
  4284 | D:4      | 4284 ||| READING scroll labelled WOYL WOBLIGADD.
  4285 | D:4      | 4285 ||| DRINKING 2 murky clear potions.
  4286 | D:4      | 4286 ||| READING 3 scrolls of identify.
  4286 | D:4      | 4286 ||| IDENTIFYING viscous sapphire potion
  4287 | D:4      | 4287 ||| READING 2 scrolls of identify.
  4287 | D:4      | 4287 ||| IDENTIFYING fuming inky potion
  4288 | D:4      | 4288 ||| DROPPING potion of attraction.
  4295 | D:5      | Entered Level 5 of the Dungeon
  4295 | D:5      | Found Ostev's Magic Scroll Boutique.
  4298 | D:5      | 4298 ||| BUYING scroll of enchant armour (90 gold).
  4298 | D:5      | Bought a scroll of enchant armour for 90 gold pieces
  4298 | D:5      | 4298 ||| BUYING scroll of identify (24 gold).
  4298 | D:5      | Bought a scroll of identify for 24 gold pieces
  4298 | D:5      | 4298 ||| BUYING scroll of identify (24 gold).
  4298 | D:5      | Bought a scroll of identify for 24 gold pieces
  4298 | D:5      | 4298 ||| SHOPLISTING scroll of teleportation (36 gold, have
                  | 23).
  4336 | D:5      | 4336 ||| READING scroll of enchant armour.
  4336 | D:5      | 4336 ||| ENCHANTING +1 cloak.
  4395 | D:5      | 4395 ||| Stepping ~*~*~tactically~*~*~ (hiding).
  4461 | D:5      | Found Nynlyufo's Jewellery Shop.
  4465 | D:5      | 4465 ||| SHOPLISTING amulet "Xiuph" {Acrobat SInv} (576
                  | gold, have 24).
  4465 | D:5      | 4465 ||| SHOPLISTING amulet of the acrobat (420 gold, have
                  | 24).
  4465 | D:5      | 4465 ||| SHOPLISTING ring of fire (350 gold, have 24).
  4465 | D:5      | 4465 ||| SHOPLISTING ring of protection from fire (350
                  | gold, have 24).
  4597 | D:5      | Found Difireu's Jewellery Shop.
  4599 | D:5      | 4599 ||| SHOPLISTING +4 ring of evasion (468 gold, have
                  | 30).
  4599 | D:5      | 4599 ||| SHOPLISTING amulet of Tietan {Reflect rPois MP+9
                  | SH+5} (781 gold, have 30).
  4599 | D:5      | 4599 ||| SHOPLISTING amulet of the acrobat (390 gold, have
                  | 30).
  4599 | D:5      | 4599 ||| SHOPLISTING ring of Wyisa {rN+ Str+6 Dex+3} (695
                  | gold, have 30).
  4607 | D:5      | Identified the +0 ring mail of the Raven {-Cast rN+ Dex+2}
  4707 | D:5      | Found a basalt altar of Yredelemnul.
  4739 | D:5      | 4739 ||| INVOKING Berserk.
  4746 | D:5      | Reached skill level 7 in Axes
  4937 | D:5      | Found Wevoh's Jewellery Shoppe.
  4946 | D:5      | 4946 ||| SHOPLISTING +4 ring of protection (504 gold, have
                  | 46).
  4946 | D:5      | 4946 ||| SHOPLISTING +6 ring of strength (504 gold, have
                  | 46).
  4946 | D:5      | 4946 ||| SHOPLISTING amulet of reflection (420 gold, have
                  | 46).
  4946 | D:5      | 4946 ||| SHOPLISTING amulet of the acrobat (420 gold, have
                  | 46).
  4946 | D:5      | 4946 ||| SHOPLISTING ring of protection from cold (350
                  | gold, have 46).
  5345 | D:5      | 5345 ||| DROPPING +0 ring mail of the Raven {-Cast rN+
                  | Dex+2}.
  5346 | D:5      | 5346 ||| READING scroll labelled NOOSUNT LUCANK.
  5347 | D:5      | 5347 ||| READING scroll labelled IGIAWU SISOWO.
  5348 | D:5      | 5348 ||| DROPPING +0 flail.
  5349 | D:5      | 5349 ||| READING 4 scrolls of identify.
  5349 | D:5      | 5349 ||| IDENTIFYING pink potion
  5443 | D:6      | 5443 ||| Stepping ~*~*~tactically~*~*~ (hiding).
  5449 | D:6      | 5449 ||| INVOKING Berserk.
  5455 | D:6      | Reached skill level 1 in Throwing
  5455 | D:6      | Reached XP level 8. HP: 49/49 MP: 8/8
  5501 | D:6      | 5501 ||| FLEEEEING.
  5502 | D:6      | 5502 ||| FLEEEEING.
  5503 | D:6      | 5503 ||| FLEEEEING.
  5506 | D:6      | 5506 ||| Stepping ~*~*~tactically~*~*~ (hiding).
  5614 | D:6      | 5614 ||| SWAPPING to +0 war axe.
  5629 | D:6      | 5629 ||| Stepping ~*~*~tactically~*~*~ (hiding).
  5630 | D:6      | 5630 ||| Stepping ~*~*~tactically~*~*~ (hiding).
  5633 | D:6      | 5633 ||| INVOKING Berserk.
  5790 | D:6      | 5790 ||| Stepping ~*~*~tactically~*~*~ (stealth).
  5792 | D:6      | 5792 ||| Stepping ~*~*~tactically~*~*~ (hiding).
  5793 | D:6      | 5793 ||| Stepping ~*~*~tactically~*~*~ (hiding).
  5794 | D:6      | 5794 ||| Stepping ~*~*~tactically~*~*~ (hiding).
  5795 | D:6      | 5795 ||| INVOKING Berserk.
  6137 | D:6      | Found a hazy altar of Hepliaklqana.
  6137 | D:6      | Found a broken altar of Ashenzari.
  6246 | D:6      | 6246 ||| UPGRADING to +0 pair of gloves.
  6251 | D:6      | 6251 ||| READING 3 scrolls of identify.
  6251 | D:6      | 6251 ||| IDENTIFYING sedimented orange potion
  6252 | D:6      | 6252 ||| DROPPING potion of berserk rage.
  6278 | D:7      | Noticed a two-headed ogre
  6282 | D:7      | 6282 ||| INVOKING Berserk.
  6285 | D:7      | Killed a two-headed ogre
  6286 | D:7      | Reached XP level 9. HP: 54/54 MP: 6/9
  6459 | D:7      | Reached skill level 8 in Axes
  6485 | D:7      | 6485 ||| Stepping ~*~*~tactically~*~*~ (hiding).
  6488 | D:7      | 6488 ||| Stepping ~*~*~tactically~*~*~ (hiding).
  6489 | D:7      | 6489 ||| Stepping ~*~*~tactically~*~*~ (hiding).
  6512 | D:7      | Noticed Menkaure
  6516 | D:7      | 6516 ||| INVOKING Berserk.
  6519 | D:7      | Killed Menkaure
  6525 | D:7      | 6525 ||| Stepping ~*~*~tactically~*~*~ (stealth).
  6526 | D:7      | 6526 ||| Stepping ~*~*~tactically~*~*~ (stealth).
  6612 | D:7      | Found a staircase to the Ecumenical Temple.
  6720 | D:7      | You fall into a shaft and drop 1 floor!
  6766 | D:7      | Reached skill level 6 in Fighting
  6771 | D:7      | Reached **** piety under Trog
  6772 | D:7      | 6772 ||| INVOKING Berserk.
  7421 | D:7      | 7421 ||| UPGRADING to +0 kite shield.
  7426 | D:7      | 7426 ||| READING scroll labelled BALEOH SEDUW.
  7504 | D:8      | Reached skill level 1 in Shields
  7566 | D:8      | 7566 ||| Stepping ~*~*~tactically~*~*~ (hiding).
  7569 | D:8      | 7569 ||| INVOKING Berserk.
  7724 | D:8      | 7724 ||| Stepping ~*~*~tactically~*~*~ (stealth).
  7736 | D:8      | 7736 ||| INVOKING Berserk.
  7744 | D:8      | Reached skill level 3 in Shields
  7998 | D:8      | 7998 ||| Stepping ~*~*~tactically~*~*~ (hiding).
  7999 | D:8      | 7999 ||| Stepping ~*~*~tactically~*~*~ (hiding).
  8001 | D:8      | 8001 ||| Stepping ~*~*~tactically~*~*~ (hiding).
  8002 | D:8      | 8002 ||| Stepping ~*~*~tactically~*~*~ (hiding).
  8004 | D:8      | 8004 ||| Stepping ~*~*~tactically~*~*~ (hiding).
  8006 | D:8      | 8006 ||| INVOKING Berserk.
  8155 | D:8      | Identified the +0 pair of boots "Cacismug" {Rampage Will+
                  | Int+6}
  8174 | D:8      | 8174 ||| Stepping ~*~*~tactically~*~*~ (stealth).
  8176 | D:8      | 8176 ||| Stepping ~*~*~tactically~*~*~ (hiding).
  8396 | D:8      | Identified the +3 long sword "Sebeux" {elec, rPois rN+
                  | Will++ Int-3}
  8424 | D:8      | Noticed a hornet
  8432 | D:8      | Killed a hornet
  8433 | D:8      | Reached skill level 6 in Shields
  8680 | D:8      | 8680 ||| UPGRADING to +0 pair of boots "Cacismug" {Rampage
                  | Will+ Int+6}.
  8685 | D:8      | 8685 ||| READING 3 scrolls of identify.
  8685 | D:8      | 8685 ||| IDENTIFYING sapphire potion
  8686 | D:8      | 8686 ||| DROPPING potion of flight.
  8801 | D:9      | Noticed a centaur warrior
  8802 | D:9      | Noticed Erolcha
  8803 | D:9      | 8803 ||| INVOKING Trog's Hand.
  8805 | D:9      | 8805 ||| INVOKING Berserk.
  8812 | D:9      | Reached XP level 10. HP: 55/60 MP: 4/10
  8814 | D:9      | Killed a centaur warrior
  8816 | D:9      | Killed Erolcha
  8817 | D:9      | Reached skill level 9 in Axes
  8825 | D:9      | Reached skill level 3 in Throwing
  8836 | D:9      | HP: 15/61 [yak (3)]
  8837 | D:9      | 8837 ||| READING 2 scrolls of teleportation.
  8838 | D:9      | 8838 ||| DRINKING potion of heal wounds.
  8840 | D:9      | Found a hide-covered altar of Uskayaw.
  8963 | D:9      | 8963 ||| Stepping ~*~*~tactically~*~*~ (stealth).
  9048 | D:9      | Found a stormy altar of Qazlal.
  9048 | D:9      | Found a radiant altar of Vehumet.
  9048 | D:9      | Found a snail-covered altar of Cheibriados.
  9063 | D:9      | Noticed Psyche
  9071 | D:9      | 9071 ||| INVOKING Berserk.
  9073 | D:9      | Killed Psyche
  9145 | D:9      | 9145 ||| Stepping ~*~*~tactically~*~*~ (stealth).
  9146 | D:9      | 9146 ||| Stepping ~*~*~tactically~*~*~ (stealth).
  9152 | D:9      | 9152 ||| Stepping ~*~*~tactically~*~*~ (stealth).
  9169 | D:9      | Reached skill level 9 in Shields
  9271 | D:9      | 9271 ||| INVOKING Berserk.
  9281 | D:9      | Reached skill level 10 in Axes
  9302 | D:9      | 9302 ||| Stepping ~*~*~tactically~*~*~ (stealth).
  9303 | D:9      | 9303 ||| Stepping ~*~*~tactically~*~*~ (stealth).
  9305 | D:9      | 9305 ||| Stepping ~*~*~tactically~*~*~ (stealth).
  9307 | D:9      | 9307 ||| Stepping ~*~*~tactically~*~*~ (stealth).
  9309 | D:9      | 9309 ||| Stepping ~*~*~tactically~*~*~ (stealth).
  9405 | D:9      | Found Nisul's Distillery.
  9406 | D:9      | Noticed Maurice
  9456 | D:9      | Killed Maurice
  9457 | D:9      | Reached XP level 11. HP: 58/68 MP: 8/11
  9511 | D:9      | 9511 ||| BUYING potion of cancellation (120 gold).
  9511 | D:9      | Bought a potion of cancellation for 120 gold pieces
  9511 | D:9      | 9511 ||| BUYING potion of curing (45 gold).
  9511 | D:9      | Bought a potion of curing for 45 gold pieces
  9511 | D:9      | 9511 ||| SHOPLISTING potion of haste (150 gold, have 128).
  9511 | D:9      | 9511 ||| BUYING potion of heal wounds (75 gold).
  9511 | D:9      | Bought a potion of heal wounds for 75 gold pieces
  9603 | D:9      | 9603 ||| INVOKING Berserk.
  9798 | D:9      | 9798 ||| Stepping ~*~*~tactically~*~*~ (stealth).
  9800 | D:9      | 9800 ||| Stepping ~*~*~tactically~*~*~ (stealth).
  9802 | D:9      | 9802 ||| Stepping ~*~*~tactically~*~*~ (stealth).
  9804 | D:9      | 9804 ||| INVOKING Berserk.
 10027 | D:9      | Found a staircase to the Lair.
 10351 | D:9      | Found Sofar's Book Shop.
 10503 | D:9      | 10503 ||| PLANNING LAIR
 10503 | D:9      | 10503 ||| DROPPING +0 chain mail.
 10504 | D:9      | 10504 ||| UPGRADING to +0 plate armour.
 10514 | D:9      | 10514 ||| READING scroll labelled JIOTUWK COLOCI.
 10536 | Lair:1   | Entered Level 1 of the Lair of Beasts
 10543 | Lair:1   | 10543 ||| INVOKING Berserk.
 10545 | Lair:1   | Reached skill level 11 in Axes
 10601 | Lair:1   | 10601 ||| INVOKING Berserk.
 11005 | Lair:1   | 11005 ||| INVOKING Berserk.
 11203 | Lair:1   | 11203 ||| INVOKING Berserk.
 11343 | Lair:1   | Found a runed translucent door.
 11345 | Lair:1   | Noticed qw's ghost (journeyman TrCA)
 11502 | Lair:1   | 11502 ||| INVOKING Berserk.
 11624 | Lair:1   | 11624 ||| READING scroll labelled UMEICK EXTUANT.
 11653 | Lair:2   | 11653 ||| INVOKING Berserk.
 11684 | Lair:2   | 11684 ||| Stepping ~*~*~tactically~*~*~ (stealth).
 11687 | Lair:2   | 11687 ||| Stepping ~*~*~tactically~*~*~ (stealth).
 11700 | Lair:2   | 11700 ||| INVOKING Berserk.
 11910 | Lair:2   | 11910 ||| INVOKING Berserk.
 12022 | Lair:2   | Noticed an eight-headed hydra
 12024 | Lair:2   | 12024 ||| SWAPPING to +0 hand axe of flaming.
 12025 | Lair:2   | 12025 ||| INVOKING Berserk.
 12033 | Lair:2   | Killed a two-headed hydra
 12047 | Lair:2   | 12047 ||| SWAPPING to +0 war axe.
 12187 | Lair:2   | 12187 ||| FLEEEEING.
 12188 | Lair:2   | 12188 ||| FLEEEEING.
 12190 | Lair:2   | 12190 ||| FLEEEEING.
 12199 | Lair:2   | 12199 ||| STAIRDANCE
 12324 | Lair:2   | 12324 ||| READING scroll of enchant armour.
 12324 | Lair:2   | 12324 ||| ENCHANTING +0 pair of gloves.
 12428 | Lair:2   | Noticed a catoblepas
 12429 | Lair:2   | 12429 ||| Stepping ~*~*~tactically~*~*~ (stealth).
 12496 | Lair:2   | 12496 ||| INVOKING Berserk.
 12510 | Lair:2   | Killed a catoblepas
 12511 | Lair:2   | Reached skill level 9 in Fighting
 12517 | Lair:2   | Reached XP level 12. HP: 67/76 MP: 12/12
 12528 | Lair:2   | HP: 17/76 [yak (6)]
 12529 | Lair:2   | 12529 ||| READING scroll of teleportation.
 12530 | Lair:2   | 12530 ||| DRINKING potion of heal wounds.
 12647 | Lair:2   | 12647 ||| Stepping ~*~*~tactically~*~*~ (stealth).
 12716 | Lair:2   | 12716 ||| INVOKING Berserk.
 12777 | Lair:2   | 12777 ||| INVOKING Berserk.
 13115 | Lair:2   | 13115 ||| FLEEEEING.
 13128 | Lair:2   | Reached skill level 12 in Axes
 13140 | Lair:2   | 13140 ||| INVOKING Berserk.
 13148 | Lair:2   | Reached skill level 9 in Armour
 13162 | Lair:2   | HP: 17/76 [yak (9)]
 13171 | Lair:2   | HP: 10/76 [yak (10)]
 13171 | Lair:2   | HP: 3/76 [yak (7)]
 13172 | Lair:2   | HP: 1/76 [yak (2)]
 13619 | Lair:2   | Found a staircase to the Snake Pit.
 13852 | Lair:2   | 13852 ||| Stepping ~*~*~tactically~*~*~ (stealth).
 14029 | Lair:2   | Found a staircase to the Shoals.
 14206 | Lair:2   | 14206 ||| UPGRADING to +2 helmet.
 14211 | Lair:2   | 14211 ||| READING 2 scrolls of identify.
 14211 | Lair:2   | 14211 ||| IDENTIFYING fuming black potion
 14212 | Lair:2   | 14212 ||| DROPPING potion of magic.
 14432 | Lair:3   | Noticed a boulder beetle
 14433 | Lair:3   | 14433 ||| Stepping ~*~*~tactically~*~*~ (stealth).
 14437 | Lair:3   | 14437 ||| INVOKING Berserk.
 14459 | Lair:3   | Killed a boulder beetle
 14659 | Lair:3   | 14659 ||| Stepping ~*~*~tactically~*~*~ (stealth).
 15152 | Lair:3   | 15152 ||| READING 2 scrolls labelled ARAWIY ZE BAWOMOTT.
 15153 | Lair:3   | 15153 ||| READING scroll labelled CUNTOOKKUDO.
 15254 | Lair:3   | 15254 ||| DROPPING scroll of summoning.
 15416 | Lair:4   | Reached ***** piety under Trog
 15464 | Lair:4   | Found a hide-covered altar of Uskayaw.
 15464 | Lair:4   | Found an ornate altar of the Wu Jian Council.
 15464 | Lair:4   | Noticed a boulder beetle
 15465 | Lair:4   | 15465 ||| INVOKING Brothers in Arms.
 15468 | Lair:4   | 15468 ||| INVOKING Berserk.
 15472 | Lair:4   | Killed a boulder beetle
 15473 | Lair:4   | Reached skill level 13 in Axes
 15473 | Lair:4   | Reached XP level 13. HP: 82/82 MP: 9/13
 15500 | Lair:4   | 15500 ||| FLEEEEING.
 15501 | Lair:4   | 15501 ||| FLEEEEING.
 15502 | Lair:4   | 15502 ||| FLEEEEING.
 15503 | Lair:4   | 15503 ||| FLEEEEING.
 15504 | Lair:4   | 15504 ||| STAIRDANCE
 15526 | Lair:4   | 15526 ||| INVOKING Berserk.
 15532 | Lair:4   | 15532 ||| STAIRDANCE
 15874 | Lair:4   | 15874 ||| READING scroll of enchant armour.
 15874 | Lair:4   | 15874 ||| ENCHANTING +1 pair of gloves.
 15885 | Lair:4   | 15885 ||| READING scroll of enchant armour.
 15885 | Lair:4   | 15885 ||| ENCHANTING +0 plate armour.
 16493 | Lair:4   | 16493 ||| READING scroll labelled LESAIP QEIS.
 16529 | Lair:5   | Entered Level 5 of the Lair of Beasts
 16570 | Lair:5   | 16570 ||| Stepping ~*~*~tactically~*~*~ (stealth).
 16595 | Lair:5   | 16595 ||| Stepping ~*~*~tactically~*~*~ (stealth).
 16604 | Lair:5   | 16604 ||| INVOKING Berserk.
 16647 | Lair:5   | 16647 ||| INVOKING Berserk.
 16666 | Lair:5   | 16666 ||| INVOKING Brothers in Arms.
 16668 | Lair:5   | HP: 8/82 [catoblepas[a boggart] (16)]
 16668 | Lair:5   | HP: 1/82 [cane toad[a boggart] (7)]
 16669 | Lair:5   | 16669 ||| DRINKING 2 potions of heal wounds.
 16670 | Lair:5   | 16670 ||| DRINKING potion of heal wounds.
 16674 | Lair:5   | HP: 19/82 [spriggan rider/+0 spear (18)]
 16674 | Lair:5   | HP: 9/82 [spriggan rider/+0 spear (10)]
 16675 | Lair:5   | 16675 ||| SWAPPING to +0 hand axe of flaming.
 16679 | Lair:5   | 16679 ||| SWAPPING to +1 war axe.
 16683 | Lair:5   | HP: 8/82 [spriggan/+0 short sword (3)]
 16686 | Lair:5   | HP: 3/82 [spriggan/+0 short sword (1)]
 17056 | Lair:5   | 17056 ||| Stepping ~*~*~tactically~*~*~ (stealth).
 17062 | Lair:5   | 17062 ||| Stepping ~*~*~tactically~*~*~ (stealth).
 17063 | Lair:5   | 17063 ||| Stepping ~*~*~tactically~*~*~ (stealth).
 17067 | Lair:5   | 17067 ||| Stepping ~*~*~tactically~*~*~ (stealth).
 17102 | Lair:5   | 17102 ||| Stepping ~*~*~tactically~*~*~ (stealth).
 17106 | Lair:5   | 17106 ||| Stepping ~*~*~tactically~*~*~ (stealth).
 17110 | Lair:5   | 17110 ||| Stepping ~*~*~tactically~*~*~ (stealth).
 17111 | Lair:5   | 17111 ||| Stepping ~*~*~tactically~*~*~ (stealth).
 17127 | Lair:5   | 17127 ||| Stepping ~*~*~tactically~*~*~ (stealth).
 17130 | Lair:5   | 17130 ||| INVOKING Brothers in Arms.
 17131 | Lair:5   | 17131 ||| INVOKING Brothers in Arms.
 17133 | Lair:5   | 17133 ||| SWAPPING to +0 hand axe of flaming.
 17134 | Lair:5   | 17134 ||| INVOKING Berserk.
 17174 | Lair:5   | 17174 ||| Stepping ~*~*~tactically~*~*~ (hiding).
 17175 | Lair:5   | 17175 ||| SWAPPING to +1 war axe.
 17194 | Lair:5   | 17194 ||| INVOKING Berserk.
 17194 | Lair:5   | HP: 21/123 [death yak[a boggart] (15)]
 17206 | Lair:5   | HP: 13/123 [death yak[a boggart] (10)]
 17213 | Lair:5   | HP: 13/123 [death yak[a boggart] (1)]
 17215 | Lair:5   | HP: 1/123 [death yak[a boggart] (13)]
 17218 | Lair:5   | Slain by a polar bear

Levels and vault maps discovered:
D:1:      dreamdust_arrival_beginning_and_end, layout_basic,
          basic_ecumenical_altar
D:2:      layout_basic, uniq_natasha
D:3:      layout_loops_ring, grunt_gozag_breadcrumbs,
          grunt_dithmenos_smoke_and_mirrors
D:4:      cheibrodos_old_hovel, layout_cave_pools, nemelex_dance_club_becter
D:5:      layout_loops_corners, yredelemnul_altar_generic, serial_shops,
          kennysheep_mini, nicolae_shop_statue_plus, nicolae_shop_trees,
          nicolae_stop_n_shop_1
D:6:      layout_cave_pools, gammafunk_temple_overflow_elements
D:7:      layout_basic, minmay_temple_entry_junction, uniq_menkaure
D:8:      layout_basic, serial_bayou_pond_a, moated_statue
D:9:      layout_basic, gammafunk_temple_overflow_claw,
          nicolae_uskayaw_dance_studio, minmay_lair_entry_grove, serial_shops,
          shop_fountains, nicolae_stop_n_shop_1, uniq_psyche, uniq_maurice,
          uniq_erolcha
Lair:1:   layout_loops_ring, ebering_ghost_inner_flame, lemuel_fruit_fields
Lair:2:   layout_regular_city, minmay_shoals_entry_hut,
          guppyfry_snake_entry_garden, beast_lair_carwin_10, lemuel_fruit_fields
Lair:3:   layout_cave_shapes, serial_bayou, serial_bayou_lake_a,
          serial_bayou_pond_d, serial_bayou_shore_a, serial_bayou_pond_e,
          infiniplex_staircase_pool
Lair:4:   layout_layer_cave, nzn_masters_of_martial_movement, lemuel_fruit_tree
Lair:5:   minmay_lair_end_enchanted_forest, layout_long_grid,
          nicolae_slime_entry_slimehenge, special_room
          [special_room_mythical_zoo], chequers_serial_rivers_micro_c,
          lemuel_fruit_fields

Skill      XL: |  1  2  3  4  5  6  7  8  9 10 11 12 13 |
---------------+----------------------------------------+-----
Axes           | 3 4 5 6 7 8 10 11 13 | 13.8
Fighting       | 4 5 6 8 9 10 | 10.0
Armour         | 3 7 8 9 10 | 10.1
Throwing       | 1 2 3 4 5 |  5.0
Shields        | 6 9 10 11 | 11.0
Dodging        | 2 |  2.1

Action                   |  1- 3 |  4- 6 |  7- 9 | 10-12 | 13-15 || total
-------------------------+-------+-------+-------+-------+-------++-------
Melee: Hand axe          |    87 |   255 |   195 |    20 |    40 ||   597
       Punch             |       |       |     2 |       |       ||     2
       War axe           |       |       |   155 |   557 |   178 ||   890
Throw: Javelin           |       |       |    27 |    63 |     7 ||    97
       Boomerang         |       |       |       |    14 |     5 ||    19
Invok: Berserk           |       |     6 |    11 |    19 |     5 ||    41
       Trog's Hand       |       |       |     1 |       |       ||     1
       Brothers in Arms  |       |       |       |     1 |     2 ||     3
  Use: Scroll            |     1 |    10 |    11 |     8 |     3 ||    33
       Potion            |       |     1 |     1 |     2 |     2 ||     6
Armor: Animal skin       |    24 |       |       |       |       ||    24
       Chain mail        |     2 |    42 |       |       |       ||    44
       Ice dragon scales |       |    98 |   243 |   137 |       ||   478
       Plate armour      |       |       |       |   289 |   190 ||   479
Dodge: Dodged            |    37 |    99 |   145 |   161 |    73 ||   515
Block: Kite shield       |       |       |    36 |   314 |   135 ||   485

Table legend:
 A = Non-vault XP
 B = Vault XP
 C = Vault XP percentage of total XP
 D = Non-vault monster count
 E = Vault monster count
 F = Vault count percentage of total count
                 A         B        C        D         E       F
            +---------+---------+-------+---------+---------+-------
      Total |   27450 |   12717 |  31.7 |     260 |      70 |  21.2
            +---------+---------+-------+---------+---------+-------
        D:1 |      42 |       0 |   0.0 |      25 |       0 |   0.0
        D:2 |     170 |      36 |  17.5 |      15 |       1 |   6.2
        D:3 |      88 |       0 |   0.0 |      25 |       0 |   0.0
        D:4 |     392 |       7 |   1.8 |      32 |       3 |   8.6
        D:5 |     366 |       0 |   0.0 |      12 |       0 |   0.0
        D:6 |     479 |       0 |   0.0 |      20 |       0 |   0.0
        D:7 |    1506 |     172 |  10.3 |      14 |       1 |   6.7
        D:8 |    1305 |       0 |   0.0 |      18 |       0 |   0.0
        D:9 |    3830 |    3821 |  49.9 |      28 |      20 |  41.7
     Lair:1 |    1745 |       0 |   0.0 |       5 |       0 |   0.0
     Lair:2 |   10598 |    1507 |  12.4 |      35 |      12 |  25.5
     Lair:3 |    4814 |       0 |   0.0 |      21 |       0 |   0.0
     Lair:4 |    1182 |     879 |  42.6 |       6 |       1 |  14.3
     Lair:5 |     933 |    6295 |  87.1 |       4 |      32 |  88.9
            +---------+---------+-------+---------+---------+-------
